 Dungeon Crawl Stone Soup version 0.28.0-43-g3370ac3207 (webtiles) character file.

Game seed: 16075553620059550746

2442 vvl the Skirmisher (level 9, -2/69 HPs)
             Began as a Demonspawn Fighter on Mar 14, 2022.
             Was a Follower of Kikubaaqudgha.
             Slain by an unseen horror (5 damage)
             ... on level 7 of the Dungeon.
             The game lasted 00:16:40 (9003 turns).

vvl the Skirmisher (Demonspawn Fighter)             Turns: 9003, Time: 00:16:41

Health: -2/69      AC:  8    Str: 16    XL:     9   Next: 25%
Magic:  16/16      EV: 10    Int: 15    God:    Kikubaaqudgha [*.....]
Gold:   329        SH:  5    Dex: 12    Spells: 17/17 levels left

rFire   . . .      SeeInvis .   t - +2 war axe (elec)
rCold   . . .      Faith    .   c - +0 buckler
rNeg    . . .      Spirit   .   j - +0 ring mail
rPois   +          Reflect  .   z - +0 helmet
rElec   .          Harm     .   m - +0 cloak {Stlth+}
rCorr   .          Rampage  .   (gloves unavailable)
Will    .....                   (no boots)
Stlth   ++........              (no amulet)
HPRegen 0.21/turn               f - +4 ring of slaying
MPRegen 0.15/turn               n - ring of poison resistance

@: no status effects
A: claws 3, demonic guardian 1
a: Renounce Religion, Receive Corpses


You were on level 7 of the Dungeon.
You worshipped Kikubaaqudgha.
Kikubaaqudgha was aware of your devotion.
You visited 1 branch of the dungeon, and saw 7 of its levels.

You collected 329 gold pieces.

Inventory:

Hand Weapons
 a - a +0 long sword
 d - a +2 hand axe of flaming
 l - a +2 quarterstaff of chaos
 t - a +2 war axe of electrocution (weapon)
Missiles
 q - a throwing net (quivered)
Armour
 c - a +0 buckler (worn)
 h - a +0 kite shield
 j - a +0 ring mail (worn)
 m - a +0 cloak of stealth (worn)
 z - a +0 helmet (worn)
Magical Staves
 k - a staff of air
Jewellery
 f - a +4 ring of slaying (left claw)
 n - a ring of poison resistance (right claw)
 A - a ring of resist corrosion
Scrolls
 b - 3 scrolls of immolation {unknown}
 o - 2 scrolls of enchant weapon
 p - 3 scrolls of amnesia {unknown}
 s - a scroll of teleportation {unknown}
 y - 2 scrolls of vulnerability
Potions
 e - 3 potions of brilliance
 i - 2 potions of curing
 r - a potion of flight {unknown}
 u - 2 potions of degeneration {unknown}
 v - a potion of heal wounds {unknown}
 w - a potion of invisibility {unknown}
 x - a potion of cancellation {unknown}


   Skills:
 + Level 6.0 Fighting
 - Level 3.0 Long Blades
 - Level 3.0 Axes
 + Level 5.5 Armour
 - Level 4.0 Shields
 + Level 2.6 Unarmed Combat
 + Level 4.7 Spellcasting
 + Level 5.7 Necromancy


You had 17 spell levels left.
You didn't know any spells.
Your spell library contained the following spells:

 Spells                   Type           Power      Damage    Failure   Level
 Animate Skeleton         Necr           40%        N/A       3%          1
 Pain                     Necr           80%        1d8       3%          1
 Corpse Rot               Necr/Air       24%        N/A       19%         2
 Beastly Appendage        Tmut           6%         N/A       36%         1
 Dispel Undead            Necr           20%        3d11      36%         4
 Poisonous Vapours        Pois/Air       6%         N/A       52%         2
 Wereblood                Tmut           3%         N/A       52%         2
 Agony                    Necr           20%        N/A       71%         5
 Spider Form              Tmut/Pois      3%         N/A       75%         3
 Death Channel            Necr           10%        N/A       99%         6
 Conjure Ball Lightning   Conj/Air       1%         3x3d6     100%        6
 Discord                  Hex            1%         N/A       100%        8
 Disjunction              Tloc           1%         N/A       100%        8


Dungeon Overview and Level Annotations

Branches:
Dungeon (7/15)
 Temple: D:4-7

Altars:
Dithmenos
Kikubaaqudgha
Nemelex Xobeh
Sif Muna
Xom

Annotations:
D:3 1 transporter


Innate Abilities, Weirdness & Mutations

You have claws for hands.
A weak demonic guardian rushes to your aid.


Message History

Something hits you. Something is attracted toward you.
You barely miss something. Something hits you!
You miss something. Something hits you! Something hits you but does no damage.
Something hits you but does no damage. Something is attracted toward you.
There is a stone staircase leading up, spattered with blood here.
You slash something! Lightning courses through something!! Something hits you!
You barely miss something. Something hits you but does no damage.
You miss something. Something hits you.
* * * LOW HITPOINT WARNING * * *
Something hits you but does no damage. Something hits you!
* * * LOW HITPOINT WARNING * * *
A demonic guardian appears!
Something hits you but does no damage.
There is a stone staircase leading up, spattered with blood here.
Something hits you but does no damage. Something hits you but does no damage.
Something is attracted toward you.
Something hits you but does no damage. x2
Something hits you.
* * * LOW HITPOINT WARNING * * *
Things that are here:
a +0 hand axe; an orc skeleton Something hits your ufetubus.
Something hits you.
* * * LOW HITPOINT WARNING * * *
Something closely misses your ufetubus. Something hits you but does no damage.
Things that are here:
a +0 hand axe; an orc skeleton Something closely misses your ufetubus.
Something completely misses your ufetubus.
Something hits your ufetubus. Something is attracted toward you.
Things that are here:
a +0 hand axe; an orc skeleton Something hits you.
* * * LOW HITPOINT WARNING * * *
Something is attracted toward you.
You feel less attractive to monsters. Something hits you.
You die...
Kikubaaqudgha rasps: "You have failed me!
Welcome... death!"

#........# #........#
#))......# #####.########
#......# #.###..#######
############..........<..
###.#.#.#.#.#.#.#.#.#.####.##
#........!)5@..........# #.#
#.#.#.#.#.#{#.#.#.#.#.## #.#
#...........ยง..........###)#
#.#.#.#.#.#.#.#.#.#.#.#..).#
............................
#############################


You could see a friendly ufetubus (summoned).

Vanquished Creatures
  The ghost of WindUpCitrus the Magician, a novice DjFE of Ashenzari (D:5)
  Grinder (D:6)
  A water moccasin (D:5)
  A sky beast (D:5)
  An ogre (D:5)
  2 black bears (D:6)
  A centaur (D:5)
  A necrophage (D:5)
  A phantom (D:4)
  A kobold brigand (D:7)
  5 scorpions
  A water moccasin zombie (D:6)
  2 hounds
  A jelly (D:3)
  2 orc priests
  A bullfrog skeleton (D:7)
  2 gnoll shamans
  Jessica (D:2)
  A scorpion zombie (D:5)
  5 orc wizards
  5 adders
  8 gnolls
  An ufetubus (D:6)
  5 dart slugs
  14 orcs
  9 endoplasms
  2 giant cockroaches
  3 hobgoblins
  5 jackals
  4 quokkas
  8 ball pythons
  6 bats
  3 frilled lizards
  3 goblins
  8 kobolds
  2 rats
118 creatures vanquished.

Vanquished Creatures (collateral kills)
  An ogre (D:4)
  Crazy Yiuf (D:2)
  An adder (D:3)
  3 gnolls (D:3)
  A ball python (D:3)
  A kobold (D:3)
  A quokka (D:1)
  A rat (D:1)
10 creatures vanquished.

Vanquished Creatures (others)
  3 plants (D:2)
3 creatures vanquished.

Grand Total: 131 creatures vanquished

Notes
Turn   | Place    | Note
-------+----------+-------------------------------------------
     0 | D:1      | vvl the Demonspawn Fighter began the quest for the Orb.
     0 | D:1      | Reached XP level 1. HP: 18/18 MP: 1/1
   195 | D:1      | Gained mutation: A weak demonic guardian rushes to your
                  | aid. [demonic ancestry]
   195 | D:1      | Reached XP level 2. HP: 21/24 MP: 2/2
   537 | D:1      | Reached skill level 1 in Necromancy
   643 | D:1      | Gained mutation: You have sharp fingernails. [demonic
                  | ancestry]
   643 | D:1      | Reached XP level 3. HP: 29/29 MP: 4/4
   752 | D:1      | Reached skill level 1 in Spellcasting
  1139 | D:2      | Noticed Jessica
  1142 | D:2      | Killed Jessica
  1143 | D:2      | Reached XP level 4. HP: 35/35 MP: 5/5
  1273 | D:2      | Found a runed translucent door.
  1274 | D:2      | Noticed Crazy Yiuf
  1511 | D:2      | Found a faded altar of an unknown god.
  1602 | D:2      | Killed Crazy Yiuf
  2178 | D:3      | Reached XP level 5. HP: 14/41 MP: 7/7
  3119 | D:3      | Found a sparkling altar of Nemelex Xobeh.
  3119 | D:3      | Found a transporter.
  3195 | D:3      | You fall into a shaft and drop 3 floors!
  3256 | D:5      | Entered Level 5 of the Dungeon
  3735 | D:3      | Reached XP level 6. HP: 23/48 MP: 7/9
  4665 | D:4      | Reached skill level 4 in Fighting
  5036 | D:4      | Found an ancient bone altar of Kikubaaqudgha.
  5042 | D:4      | Became a worshipper of Kikubaaqudgha
  5796 | D:5      | HP: 2/48 [ogre/+0 giant club (20)]
  6094 | D:5      | Noticed a sky beast
  6096 | D:5      | Reached skill level 1 in Axes
  6096 | D:5      | Gained mutation: You have very sharp fingernails. [demonic
                  | ancestry]
  6096 | D:5      | Reached XP level 7. HP: 10/54 MP: 10/10
  7008 | D:5      | Found a runed translucent gate.
  7008 | D:5      | Found a runed translucent gate.
  7009 | D:5      | Found a runed translucent gate.
  7011 | D:5      | Noticed WindUpCitrus's ghost (novice DjFE)
  7037 | D:5      | Killed WindUpCitrus's ghost
  7038 | D:5      | Reached skill level 5 in Fighting
  7038 | D:5      | Gained mutation: You have claws for hands. [demonic
                  | ancestry]
  7038 | D:5      | Reached XP level 8. HP: 52/62 MP: 11/13
  7579 | D:6      | Reached skill level 1 in Unarmed Combat
  7780 | D:6      | Reached skill level 5 in Armour
  7780 | D:6      | Reached skill level 5 in Necromancy
  7824 | D:6      | Noticed Grinder
  7839 | D:6      | Killed Grinder
  7844 | D:6      | Reached * piety under Kikubaaqudgha
  7844 | D:6      | Received a gift from Kikubaaqudgha
  8024 | D:6      | Reached XP level 9. HP: 54/69 MP: 15/15
  8412 | D:6      | Found a shadowy altar of Dithmenos.
  8497 | D:6      | Found a shimmering altar of Xom.
  8497 | D:6      | Found a shimmering blue altar of Sif Muna.
  8593 | D:7      | Reached skill level 6 in Fighting
  9002 | D:7      | HP: 3/69 [something (5)]
  9003 | D:7      | Slain by an unseen horror

Illustrated notes

Levels and vault maps discovered:
D:1:      lordsloth_arrival_two_stooges, layout_loops_cross
D:2:      layout_rooms, chequers_ecumenical_altar_lobes, uniq_jessica,
          uniq_crazy_yiuf_cottage
D:3:      layout_rooms, grunt_nemelex_the_gamble, serial_co_window_serial,
          co_window_corner_a, co_window_of_opportunity_a, co_window_paths_b,
          co_window_paths_a, co_window_paths_a, co_window_paths_c,
          co_window_of_opportunity_c, co_window_broadway_c, co_window_sun,
          co_window_paths_d, glass_columns_a, glass_columns_a, corexii_shack
D:4:      layout_rooms, kiku_gazebo_garden_becter, serial_co_window_serial,
          co_window_of_opportunity_a, co_window_paths_a, co_window_paths_a,
          co_window_paths_b, co_window_paths_a, co_window_cross_2,
          co_window_2corner, co_window_broadway_a, co_window_4corner_b,
          co_window_paths_d
D:5:      layout_cave_pools, ebering_ghost_rock_garden, kennysheep_boxes
D:6:      layout_gridville, grunt_dithmenos_smoke,
          gammafunk_temple_overflow_statue, uniq_grinder
D:7:      layout_basic, minmay_temple_entry_junction, st_stairs_13,
          kennysheep_diamond

Skill      XL: |  1  2  3  4  5  6  7  8  9 |
---------------+----------------------------+-----
Long Blades    | 2 3 |  3.0
Necromancy     | 1 2 3 4 5 |  5.7
Spellcasting   | 1 2 3 4 |  4.7
Armour         | 3 4 5 |  5.5
Shields        | 3 4 |  4.0
Fighting       | 4 5 6 |  6.0
Axes           | 1 2 3 |  3.0
Unarmed Combat | 2 |  2.6

Action                   |  1- 3 |  4- 6 |  7- 9 || total
-------------------------+-------+-------+-------++-------
Melee: Long sword        |    87 |   116 |       ||   203
       War axe           |       |    19 |   149 ||   168
  Use: Potion            |       |     1 |     3 ||     4
       Scroll            |       |       |     4 ||     4
 Stab: Sleeping          |       |     6 |     4 ||    10
Armor: Scale mail        |    32 |       |       ||    32
       Ring mail         |     2 |    58 |    95 ||   155
Dodge: Dodged            |    51 |    58 |    60 ||   169
Block: Buckler           |    17 |    28 |    43 ||    88
